 Dungeon Crawl Stone Soup version 0.17.2-1-ge4368a0 (webtiles) character file.

35 rlgrobin the Twirler (level 3, -1/18 HPs)
             Began as a Vine Stalker Gladiator on Apr 29, 2017.
             Slain by Crazy Yiuf
             ... wielding a +4 quarterstaff of chaos
              (5 damage)
             ... on level 3 of the Dungeon.
             The game lasted 00:00:48 (231 turns).

rlgrobin the Twirler (Vine Stalker Gladiator)        Turns: 231, Time: 00:00:48

Health: -1/18      AC:  0    Str: 17    XL:     3   Next: 35%
Magic:  0/4        EV: 12    Int:  8    God:
Gold:   0          SH:  0    Dex: 15    Spells: 0 memorised, 2 levels left

rFire  . . .     SeeInvis .     (no weapon)
rCold  . . .     Clarity  .     (no armour)
rNeg   . . .     SustAt   .     (no shield)
rPois  .         Gourm    .     (no helmet)
rElec  .         Spirit   +     (no cloak)
rCorr  .         Warding  .     (no gloves)
rMut   .         Stasis   .     (no boots)
MR     .....                    (no amulet)
Stlth  +.........               (no ring)
                                (no ring)

@: drained, not resistant to hostile enchantments, very unstealthy
A: fangs 2, regeneration 1, magic shield, antimagic bite, no device heal 3, rot
immunity
a: no special abilities


You were on level 3 of the Dungeon.
You were not hungry.

You visited 1 branch of the dungeon, and saw 3 of its levels.


Innate Abilities, Weirdness & Mutations

You have extremely sharp teeth.
Your natural rate of healing is unusually fast.
When hurt, damage is shared between your health and your magic reserves.
Your bite disrupts and absorbs the magic of your enemies.
Potions and wands cannot restore your health.
You are immune to rotting.


   Skills:
 - Level 1.7(1.4) Fighting
 + Level 3.9(3.6) Staves
 - Level 1.7(1.4) Throwing
 - Level 2.4(2.0) Dodging


You had 2 spell levels left.
You didn't know any spells.

Inventory:

Hand Weapons
 a - a +0 quarterstaff
Missiles
 d - a throwing net (quivered) {=f}
Armour
 b - a +0 leather armour
 c - a +0 helmet
Scrolls
 g - a scroll of identify {unknown}
 h - a scroll of magic mapping {unknown}
Comestibles
 e - a bread ration
 f - a meat ration

Dungeon Overview and Level Annotations

Branches:
Dungeon (3/15)

Altars:

Annotations:
D:3 Crazy Yiuf

... ... ... ▒.▒ ▒.▒ ▒.▒
▒▒▒▒▒▒▒▒▒▒▒
▒.▒.▒<........▒
▒.▒.▒▒▒▒▒▒▒▒▒.▒ ▒f▒.▒
▒.▒ ▒g▒.▒ ▒.▒ ▒.▒.▒ ▒.▒
▒.▒.▒ ▒.▒ ▒.▒[▒ ▒.▒
▒.▒.▒▒▒▒▒▒▒▒▒.▒
▒▒▒▒▒▒▒▒▒.▒...........▒
▒..........▒▒▒▒▒▒▒▒▒▒▒▒
▒.................


You could see Crazy Yiuf.


Message History

Keep disrobing? [Y]es or [N]o only, please!
Keep disrobing?
You finish taking off your +0 helmet!
Drop what? 8/52 slots (_ for help) (? for menu, Esc to quit)
Okay, then!
Unknown command!
Throwing (i - inventory):
d - 2 throwing nets (quivered)
{=f}
Aim: Crazy Yiuf, wielding a quarterstaff of chaos and wearing a cloak (moderately wounded)
You throw a throwing net {=f}! The throwing net {=f} hits Crazy Yiuf!
Crazy Yiuf is caught in the net!!!
Crazy Yiuf is moderately wounded!
Crazy Yiuf struggles against the net!
Crazy Yiuf struggles against the net!
Crazy Yiuf yells, "Castle!!!
Orb childish canine!"
Crazy Yiuf struggles against the net!
Crazy Yiuf struggles against the net!
Drop what? 8/52 slots (_ for help) (? for menu, Esc to quit)
HP restored!
Keep disrobing?
Crazy Yiuf glowers!
You finish taking off your +0 leather armour!
Health restored: 18 Drop what? 8/52 slots (_ for help) (? for menu, Esc to quit)
Okay, then!
Crazy Yiuf hits you with a quarterstaff of chaos!!!
DANG * * * don't die
* * * Crazy Yiuf freezes you! rip

Action                   || total
-------------------------++-------
Melee: Quarterstaff      ||    45
Throw: Throwing net      ||     2

Vault maps used:
D:1:      minmay_arrival_plants_in_alcoves
D:2:      marbit_many_paths, trog_book
D:3:      uniq_crazy_yiuf_cottage, uniq_sigmund

Notes
Turn   | Place    | Note
--------------------------------------------------------------
     0 | D:1      | rlgrobin the Vine Stalker Gladiator began the quest for the Orb.
     0 | D:1      | Reached XP level 1. HP: 11/11 MP: 2/2
    43 | D:1      | Reached skill level 3 in Staves
    57 | D:1      | Reached XP level 2. HP: 9/15 MP: 3/3
   162 | D:3      | Noticed rlgrobin's ghost (weakling VSGl)
   170 | D:3      | Killed rlgrobin's ghost
   170 | D:3      | Reached XP level 3. HP: 13/18 MP: 2/4
   182 | D:3      | Noticed Crazy Yiuf
   231 | D:3      | Slain by Crazy Yiuf

Vanquished Creatures
  The ghost of rlgrobin the Twirler, a weakling VSGl (D:3)
  An adder (D:2)
  A ball python (D:2)
  A bat (D:1)
  2 goblins
  3 hobgoblins
  2 jackals (D:1)
  A kobold (D:1)
  A rat (D:1)
13 creatures vanquished.
